 Dungeon Crawl Stone Soup version 0.19.0-19-g8c6edcc (webtiles) character file.

235 MovingMist the Skirmisher (level 6, -5/40 HPs)
             Began as a Gargoyle Fighter on Nov 13, 2016.
             Was an Initiate of Okawaru.
             Slain by an orc warrior
             ... wielding a +0 flail
              (11 damage)
             ... on level 4 of the Dungeon.
             The game lasted 00:06:31 (2758 turns).

MovingMist the Skirmisher (Gargoyle Fighter)        Turns: 2758, Time: 00:06:32

Health: -5/40      AC: 13    Str: 21    XL:     6   Next: 5%
Magic:  6/6        EV:  7    Int:  8    God:    Okawaru [......]
Gold:   96         SH: 13    Dex: 10    Spells: 0 memorised, 5 levels left

rFire  . . .     SeeInvis .     a - +0 flail
rCold  . . .     Gourm    .     b - +0 scale mail
rNeg   + . .     Faith    .     c - +0 shield
rPois  ∞         Spirit   .     (no helmet)
rElec  +         Reflect  +     o - +0 cloak
rCorr  .         Harm     .     (no gloves)
MR     .....                    h - +0 pair of boots
Stlth  ..........               q - +4 amulet of reflection
                                (no ring)
                                (no ring)

@: no status effects
A: negative energy resistance 1, electricity resistance, unbreathing,
petrification resistance, rot immunity, AC +4
a: Renounce Religion


You were on level 4 of the Dungeon.
You worshipped Okawaru.
Okawaru was noncommittal.
You were not hungry.

You visited 2 branches of the dungeon, and saw 5 of its levels.

You collected 96 gold pieces.

Inventory:

Hand Weapons
 a - a +0 flail (weapon)
Armour
 b - a +0 scale mail (worn)
 c - a +0 shield (worn)
 h - a +0 pair of boots (worn)
 o - a +0 cloak (worn)
Jewellery
 q - a +4 amulet of reflection (around neck)
 t - an uncursed amulet of harm {unknown}
Wands
 m - a wand of random effects (37/48)
 y - a wand of flame (31/48)
Scrolls
 e - 2 scrolls of enchant armour {unknown}
 s - a scroll of teleportation {unknown}
 u - a scroll of identify {unknown}
 w - a scroll of blinking {unknown}
 x - a scroll of random uselessness {unknown}
 B - a scroll of remove curse {unknown}
Potions
 d - a potion of might
 g - a potion of agility {unknown}
 k - a potion of resistance {unknown}
 n - a potion of flight {unknown}
 p - a potion of curing {unknown}
 r - a potion of ambrosia {unknown}
 z - a potion of cure mutation {unknown}
 A - 2 potions of beneficial mutation {unknown}
Comestibles
 f - a bread ration
 i - 3 beef jerkies
 j - 7 fruits
 l - a meat ration
 v - a chunk of flesh


   Skills:
 + Level 5.1 Fighting
 + Level 3.2 Maces & Flails
 + Level 4.3 Armour
 * Level 4.4 Shields


You had 5 spell levels left.
You didn't know any spells.

Dungeon Overview and Level Annotations

Branches:
Dungeon (4/15)             Temple (1/1) D:4

Altars:
Gozag
Kikubaaqudgha
Nemelex Xobeh
Okawaru
Qazlal
Ru
Uskayaw
Vehumet
Zin
The Shining One


Innate Abilities, Weirdness & Mutations

You are resistant to torment.
Your stone body is resilient. (AC +4)
You are immune to poison.
You resist negative energy. (rN+)
You are resistant to electric shocks. (rElec)
You can survive without breathing.
You are immune to petrification.
You are immune to rotting.


Message History

The orc warrior is heavily wounded.
You block the orc warrior's attack.
You hit the orc warrior but do no damage.
The orc warrior is heavily wounded.
The orc warrior hits you with a flail!
* * * LOW HITPOINT WARNING * * *
You hit the orc warrior but do no damage.
The orc warrior is heavily wounded.
You block the orc warrior's attack.
You closely miss the orc warrior.
The orc warrior is heavily wounded.
You block the orc warrior's attack.
You hit the orc warrior but do no damage.
The orc warrior is heavily wounded.
The orc warrior hits you with a flail.
* * * LOW HITPOINT WARNING * * *
You closely miss the orc warrior.
The orc warrior is heavily wounded.
The orc warrior hits you with a flail!
You die...

.# ##.( #.. #.# #..
##.####.#
#...###.......#
.......<.#
.........#########.
.........oo@.......
.........#########.
....###... ....
#(### ... #.# ..
... ##.


You could see an orc warrior and an orc.

Vanquished Creatures
  An ogre (D:3)
  Jessica (D:3)
  6 adders
  A worm (D:2)
  4 dart slugs
  A leopard gecko (D:2)
  3 orcs
  A giant cockroach (D:1)
  5 goblins
  7 hobgoblins
  7 jackals
  7 bats
  7 frilled lizards
  8 kobolds
  8 rats
67 creatures vanquished.

Vanquished Creatures (others)
  A kobold (D:3)
1 creature vanquished.

Grand Total: 68 creatures vanquished

Notes
Turn   | Place    | Note
-------+----------+-------------------------------------------
     0 | D:1      | MovingMist the Gargoyle Fighter began the quest for the Orb.
     0 | D:1      | Reached XP level 1. HP: 14/14 MP: 1/1
   256 | D:1      | Reached XP level 2. HP: 19/19 MP: 2/2
   834 | D:2      | Reached XP level 3. HP: 23/23 MP: 3/3
  1075 | D:2      | Reached skill level 4 in Fighting
  1103 | D:2      | Reached XP level 4. HP: 18/29 MP: 4/4
  1372 | D:2      | Found a glowing golden altar of the Shining One.
  1518 | D:2      | Found a glowing silver altar of Zin.
  2020 | D:3      | Found a faded altar of an unknown god.
  2022 | D:3      | Noticed an ogre
  2035 | D:3      | Killed an ogre
  2035 | D:3      | Reached XP level 5. HP: 9/34 MP: 5/5
  2272 | D:3      | Noticed Jessica
  2279 | D:3      | Killed Jessica
  2279 | D:3      | Reached skill level 5 in Fighting
  2447 | D:3      | Reached XP level 6. HP: 40/40 MP: 6/6
  2669 | D:4      | Found a staircase to the Ecumenical Temple.
  2669 | D:4      | Noticed an orc warrior
  2674 | Temple   | Entered the Ecumenical Temple
  2711 | Temple   | Became a worshipper of Warmaster Okawaru
  2758 | D:4      | Slain by an orc warrior

Skill      XL: |  1  2  3  4  5 |
---------------+----------------+-----
Fighting       | 4 5 |  5.1
Shields        | 4 |  4.4
Maces & Flails | 3 |  3.2
Armour         | 4 |  4.3

Action                   |  1- 3 |  4- 6 || total
-------------------------+-------+-------++-------
Melee: Flail             |   147 |   170 ||   317
  Eat: Chunk             |     1 |     6 ||     7
Armor: Scale mail        |   126 |   118 ||   244
Dodge: Dodged            |    65 |    65 ||   130
Block: Shield            |   122 |   191 ||   313
       Reflection        |       |     1 ||     1
